| TOP OF THE 1ST |
|
Miami Whales batting - Pitching for Fort Myers Palms : RHP David LaBounty
|
|
Pitching: RHP David LaBounty
|
|
|
Batting: SHB Ramon Alcantara
|
0-0: Fly out, F3 (Popup, 23F, EV 86.3 MPH)
|
|
Batting: SHB Philip Rossi
|
0-0: Called Strike 0-1: Ball 1-1: Fly out, F9 (Line Drive, 9, EV 94.4 MPH)
|
|
Batting: RHB Tom Grant
|
0-0: Ball 1-0: Ball 2-0: DOUBLE (Line Drive, 9LS, EV 114.4 MPH)
|
|
Batting: LHB Lorenzo Bundy
|
0-0: Ball 1-0: Ball 2-0: Fly out, F7 (Flyball, 7LM, EV 93.1 MPH)
|
| Top of the 1st over - 0 runs, 1 hit, 0 errors, 1 left on base; Miami 0 - Fort Myers 0 |
| BOTTOM OF THE 1ST |
|
Fort Myers Palms batting - Pitching for Miami Whales : LHP Xavier Pickhills
|
|
Pitching: LHP Xavier Pickhills
|
|
|
Batting: RHB Stanley Baker
|
0-0: Swinging Strike 0-1: Ball 1-1: Ground out 6-3 (Groundball, 6, EV 92.5 MPH)
|
|
Batting: RHB Johnny Evans
|
0-0: Fly out, F6 (Flyball, 56D, EV 92.5 MPH)
|
|
Batting: LHB Gus Burgess
|
0-0: Ball 1-0: Ball 2-0: Called Strike 2-1: Foul Ball, location: 2F 2-2: Ball 3-2: SINGLE (Line Drive, 9S, EV 110.0 MPH)
|
|
Batting: LHB James Atkinson
|
0-0: Called Strike 0-1: Ball 1-1: Ball 2-1: Ball 3-1: Base on Balls Gus Burgess to second
|
|
Batting: RHB Lindon Duncan
|
0-0: Ball 1-0: Foul Ball, location: 2F 1-1: Ball 2-1: Ball 3-1: Foul Ball, location: 2F 3-2: Ground out 1-3 (Groundball, 13, EV 69.4 MPH)
|
| Bottom of the 1st over - 0 runs, 1 hit, 0 errors, 2 left on base; Miami 0 - Fort Myers 0 |
| TOP OF THE 2ND |
|
Miami Whales batting - Pitching for Fort Myers Palms : RHP David LaBounty
|
|
Batting: RHB Rafael Ortega
|
0-0: Ball 1-0: Ball 2-0: Called Strike 2-1: Ball 3-1: Ground out U3 (Groundball, 34, EV 81.3 MPH)
|
|
Batting: RHB Steve Benson
|
0-0: Called Strike 0-1: SINGLE (Groundball, 34, EV 104.4 MPH) (infield hit)
|
|
Batting: RHB Ramon Cardenas
|
0-0: Ball 1-0: Called Strike 1-1: Ball Steve Benson is caught stealing 2nd base 2-4 2-1: Ground out 6-3 (Groundball, 6, EV 84.4 MPH)
|
| Top of the 2nd over - 0 runs, 1 hit, 0 errors, 0 left on base; Miami 0 - Fort Myers 0 |
| BOTTOM OF THE 2ND |
|
Fort Myers Palms batting - Pitching for Miami Whales : LHP Xavier Pickhills
|
|
Batting: RHB Matt Sinatro
|
0-0: Called Strike 0-1: Swinging Strike 0-2: Ball 1-2: Ground out U3 (Groundball, 34, EV 101.3 MPH)
|
|
Batting: RHB Jay Greb
|
0-0: Ball 1-0: Ball 2-0: Foul Ball, location: 2F 2-1: Ball 3-1: Base on Balls
|
|
Batting: SHB Porter Wyatt
|
0-0: Ball Jay Greb is caught stealing 2nd base 2-4 1-0: Ball 2-0: Ground out 4-3 (Groundball, 4M, EV 85.6 MPH)
|
| Bottom of the 2nd over - 0 runs, 0 hits, 0 errors, 0 left on base; Miami 0 - Fort Myers 0 |
| TOP OF THE 3RD |
|
Miami Whales batting - Pitching for Fort Myers Palms : RHP David LaBounty
|
|
Batting: RHB Ron Sorey
|
0-0: Ball 1-0: Swinging Strike 1-1: Called Strike 1-2: Foul Ball, location: 2F 1-2: Strikes out looking
|
|
Batting: SHB Santiago Fernandez
|
0-0: Called Strike 0-1: Ball 1-1: Swinging Strike 1-2: Ball 2-2: Ball 3-2: Base on Balls
|
|
Batting: SHB Ramon Alcantara
|
0-0: Ball 1-0: Called Strike 1-1: Fielders Choice at 2nd, 4-6 (Groundball, 4, EV 103.1 MPH)
|
|
Batting: SHB Philip Rossi
|
0-0: Ball 1-0: Called Strike 1-1: Ball 2-1: Fly out, F8 (Flyball, 8LS, EV 98.1 MPH)
|
| Top of the 3rd over - 0 runs, 0 hits, 0 errors, 1 left on base; Miami 0 - Fort Myers 0 |
| BOTTOM OF THE 3RD |
|
Fort Myers Palms batting - Pitching for Miami Whales : LHP Xavier Pickhills
|
|
Batting: RHB Paul Fryer
|
0-0: Foul Ball, location: 2F 0-1: Ball 1-1: Ball 2-1: Swinging Strike 2-2: Foul Ball, location: 2F 2-2: Strikes out swinging
|
|
Batting: RHB Stanley Baker
|
0-0: Ball 1-0: Called Strike 1-1: Ball 2-1: Ball 3-1: Called Strike 3-2: Foul Ball, location: 2F 3-2: Ground out 5-3 (Groundball, 56S, EV 82.5 MPH)
|
|
Batting: RHB Johnny Evans
|
0-0: Ball 1-0: Ball 2-0: Fly out, F8 (Flyball, 8RD, EV 102.5 MPH)
|
| Bottom of the 3rd over - 0 runs, 0 hits, 0 errors, 0 left on base; Miami 0 - Fort Myers 0 |
| TOP OF THE 4TH |
|
Miami Whales batting - Pitching for Fort Myers Palms : RHP David LaBounty
|
|
Batting: RHB Tom Grant
|
0-0: Foul Ball, location: 2F 0-1: Ball 1-1: Called Strike 1-2: Ball 2-2: Strikes out swinging
|
|
Batting: LHB Lorenzo Bundy
|
0-0: Ball 1-0: Swinging Strike 1-1: Ball 2-1: Ball 3-1: Ground out 4-3 (Groundball, 4M, EV 78.8 MPH)
|
|
Batting: RHB Rafael Ortega
|
0-0: Swinging Strike 0-1: Ball 1-1: Called Strike 1-2: Foul Ball, location: 2F 1-2: Ball 2-2: Ball 3-2: SINGLE (Line Drive, 6M, EV 106.3 MPH)
|
|
Batting: RHB Steve Benson
|
0-0: Ball Rafael Ortega steals 2nd base 1-0: Fly out, F8 (Flyball, 78D, EV 85.6 MPH)
|
| Top of the 4th over - 0 runs, 1 hit, 0 errors, 1 left on base; Miami 0 - Fort Myers 0 |
| BOTTOM OF THE 4TH |
|
Fort Myers Palms batting - Pitching for Miami Whales : LHP Xavier Pickhills
|
|
Batting: LHB Gus Burgess
|
0-0: Called Strike 0-1: Foul Ball, location: 2F 0-2: Ball 1-2: SINGLE (Groundball, 25, EV 68.1 MPH) (infield hit)
|
|
Batting: LHB James Atkinson
|
0-0: Called Strike 0-1: Ball Gus Burgess steals 2nd base (no throw) 1-1: Fly out, F8 (Flyball, 8RD, EV 91.3 MPH)
|
|
Batting: RHB Lindon Duncan
|
0-0: Ball 1-0: Ball 2-0: Called Strike 2-1: Swinging Strike 2-2: Foul Ball, location: 2F 2-2: Ball 3-2: Ground out 5-3 (Groundball, 56, EV 76.3 MPH)
|
|
Batting: RHB Matt Sinatro
|
0-0: Fly out, F8 (Flyball, 78D, EV 93.1 MPH)
|
| Bottom of the 4th over - 0 runs, 1 hit, 0 errors, 1 left on base; Miami 0 - Fort Myers 0 |
| TOP OF THE 5TH |
|
Miami Whales batting - Pitching for Fort Myers Palms : RHP David LaBounty
|
|
Batting: RHB Ramon Cardenas
|
0-0: Ball 1-0: Ball 2-0: Called Strike 2-1: TRIPLE (Flyball, 89XD, EV 99.4 MPH)
|
|
Batting: RHB Ron Sorey
|
0-0: Called Strike 0-1: Called Strike 0-2: Ball 1-2: Strikes out swinging
|
|
Batting: SHB Santiago Fernandez
|
0-0: Ball 1-0: Swinging Strike 1-1: Swinging Strike 1-2: Strikes out swinging
|
|
Batting: SHB Ramon Alcantara
|
0-0: Ball 1-0: Ball 2-0: Ball 3-0: Called Strike 3-1: Base on Balls
|
|
Batting: SHB Philip Rossi
|
0-0: Ball Ramon Alcantara steals 2nd base (no throw) 1-0: Ball 2-0: Called Strike 2-1: Called Strike 2-2: Foul Ball, location: 2F 2-2: DOUBLE (Flyball, 89D, EV 99.4 MPH) Ramon Cardenas scores Ramon Alcantara scores
|
|
Batting: RHB Tom Grant
|
0-0: Ball 1-0: DOUBLE (Line Drive, 78D, EV 104.4 MPH) Philip Rossi scores
|
|
Batting: LHB Lorenzo Bundy
|
0-0: DOUBLE (Groundball, 5L, EV 103.1 MPH) Tom Grant scores
|
|
Batting: RHB Rafael Ortega
|
0-0: Foul Ball, location: 2F 0-1: Foul Ball, location: 2F 0-2: Ball 1-2: Ball 2-2: Reached on error, E5 (Groundball, 56, EV 108.8 MPH) Lorenzo Bundy to third
|
|
Batting: RHB Steve Benson
|
0-0: Ball Rafael Ortega is caught stealing 2nd base 2-4
|
| Top of the 5th over - 4 runs, 4 hits, 1 error, 1 left on base; Miami 4 - Fort Myers 0 |
| BOTTOM OF THE 5TH |
|
Fort Myers Palms batting - Pitching for Miami Whales : LHP Xavier Pickhills
|
|
Batting: RHB Jay Greb
|
0-0: Called Strike 0-1: Ball 1-1: Called Strike 1-2: Ground out 4-3 (Groundball, 34D, EV 80.0 MPH)
|
|
Batting: SHB Porter Wyatt
|
0-0: Called Strike 0-1: Called Strike 0-2: Ground out 6-3 (Groundball, 6, EV 92.5 MPH)
|
|
Batting: RHB Paul Fryer
|
0-0: Called Strike 0-1: Foul Ball, location: 2F 0-2: Strikes out swinging
|
| Bottom of the 5th over - 0 runs, 0 hits, 0 errors, 0 left on base; Miami 4 - Fort Myers 0 |
| TOP OF THE 6TH |
|
Miami Whales batting - Pitching for Fort Myers Palms : RHP David LaBounty
|
|
Batting: RHB Steve Benson
|
0-0: Ball 1-0: SINGLE (Groundball, 56, EV 105.0 MPH) (infield hit)
|
|
Batting: RHB Ramon Cardenas
|
0-0: Bunt missed! 0-1: Ball 1-1: Called Strike 1-2: Foul Ball, location: 2F 1-2: Strikes out swinging
|
|
Batting: RHB Ron Sorey
|
0-0: Called Strike 0-1: Ball 1-1: Ball 2-1: Ball 3-1: Called Strike 3-2: Base on Balls Steve Benson to second
|
|
Batting: SHB Santiago Fernandez
|
0-0: Ball 1-0: Ball Wild Pitch! Steve Benson to third Ron Sorey to second 2-0: Called Strike 2-1: Foul Ball, location: 2F 2-2: Ball 3-2: Ground out 4-3 (Groundball, 4, EV 81.3 MPH)
|
|
Batting: SHB Ramon Alcantara
|
0-0: Ball 1-0: Swinging Strike 1-1: Foul Ball, location: 2F 1-2: Ground out U3 (Groundball, 3, EV 82.5 MPH)
|
| Top of the 6th over - 0 runs, 1 hit, 0 errors, 2 left on base; Miami 4 - Fort Myers 0 |
| BOTTOM OF THE 6TH |
|
Fort Myers Palms batting - Pitching for Miami Whales : LHP Xavier Pickhills
|
|
Batting: RHB Stanley Baker
|
0-0: Ball 1-0: Ball 2-0: Called Strike 2-1: Foul Ball, location: 2F 2-2: Ball 3-2: Foul Ball, location: 2F 3-2: Ground out 1-3 (Groundball, P, EV 73.8 MPH)
|
|
Batting: RHB Johnny Evans
|
0-0: Called Strike 0-1: Ball 1-1: Swinging Strike 1-2: Strikes out looking
|
|
Batting: LHB Gus Burgess
|
0-0: Ball 1-0: Foul Ball, location: 2F 1-1: Called Strike 1-2: DOUBLE (Line Drive, 7LM, EV 107.5 MPH)
|
|
Batting: LHB James Atkinson
|
0-0: Ball 1-0: Foul Ball, location: 2F 1-1: Ball 2-1: Swinging Strike 2-2: Strikes out swinging
|
| Bottom of the 6th over - 0 runs, 1 hit, 0 errors, 1 left on base; Miami 4 - Fort Myers 0 |
| TOP OF THE 7TH |
|
Miami Whales batting - Pitching for Fort Myers Palms : RHP David LaBounty
|
|
Batting: SHB Philip Rossi
|
0-0: Ball 1-0: Ball 2-0: Foul Ball, location: 2F 2-1: Ball 3-1: Base on Balls
|
|
Batting: RHB Tom Grant
|
0-0: Ball 1-0: Called Strike 1-1: SINGLE (Line Drive, 7S, EV 95.0 MPH) Philip Rossi to second
|
|
Batting: LHB Lorenzo Bundy
|
0-0: Ball 1-0: Fly out, F7 (Flyball, 78M, EV 88.8 MPH)
|
|
Batting: RHB Rafael Ortega
|
0-0: Fly out, F9 (Flyball, 89S, EV 90.0 MPH)
|
|
Batting: RHB Steve Benson
|
0-0: Ball 1-0: Foul Ball, location: 2F 1-1: Ground out 6-3 (Groundball, 6S, EV 63.8 MPH)
|
| Top of the 7th over - 0 runs, 1 hit, 0 errors, 2 left on base; Miami 4 - Fort Myers 0 |
| BOTTOM OF THE 7TH |
|
Fort Myers Palms batting - Pitching for Miami Whales : LHP Xavier Pickhills
|
|
Batting: RHB Lindon Duncan
|
0-0: Ball 1-0: Ball 2-0: DOUBLE (Flyball, 78D, EV 102.5 MPH)
|
|
Batting: RHB Matt Sinatro
|
0-0: Ground out 6-3 (Groundball, 6, EV 91.3 MPH) Lindon Duncan to third
|
|
Batting: RHB Jay Greb
|
0-0: Called Strike 0-1: Fly out, F7 (Flyball, 7LS, EV 83.8 MPH)
|
|
Batting: SHB Porter Wyatt
|
0-0: Called Strike 0-1: Ball 1-1: Called Strike 1-2: Ball 2-2: Foul Ball, location: 2F 2-2: Ball 3-2: Foul Ball, location: 2F 3-2: Base on Balls
|
|
Batting: RHB Paul Fryer
|
0-0: Ball 1-0: Foul Ball, location: 2F 1-1: Foul Ball, location: 2F 1-2: Ball 2-2: Ball 3-2: Ground out 5-3 (Groundball, 56, EV 100.6 MPH)
|
| Bottom of the 7th over - 0 runs, 1 hit, 0 errors, 2 left on base; Miami 4 - Fort Myers 0 |
| TOP OF THE 8TH |
|
Miami Whales batting - Pitching for Fort Myers Palms : RHP David LaBounty
|
|
Batting: RHB Ramon Cardenas
|
0-0: Ball 1-0: Called Strike 1-1: Foul Ball, location: 2F 1-2: Strikes out swinging
|
|
Batting: RHB Ron Sorey
|
0-0: Ground out U3 (Groundball, 34S, EV 83.1 MPH)
|
|
Batting: SHB Santiago Fernandez
|
0-0: Ball 1-0: Swinging Strike 1-1: Foul Ball, location: 2F 1-2: Reached on error, E6 (Flyball, 6D, EV 73.1 MPH)
|
|
Batting: SHB Ramon Alcantara
|
0-0: Called Strike 0-1: Called Strike 0-2: Strikes out swinging
|
| Top of the 8th over - 0 runs, 0 hits, 1 error, 1 left on base; Miami 4 - Fort Myers 0 |
| BOTTOM OF THE 8TH |
|
Fort Myers Palms batting - Pitching for Miami Whales : LHP Xavier Pickhills
|
|
Batting: RHB Stanley Baker
|
0-0: Foul Ball, location: 2F 0-1: Ball 1-1: Swinging Strike 1-2: Ground out 5-3 (Groundball, 56S, EV 71.3 MPH)
|
|
Batting: RHB Johnny Evans
|
0-0: SINGLE (Line Drive, 89S, EV 93.1 MPH)
|
|
Batting: LHB Gus Burgess
|
0-0: Grounds into double play, 4-6-3 (Groundball, 4, EV 107.5 MPH)
|
| Bottom of the 8th over - 0 runs, 1 hit, 0 errors, 0 left on base; Miami 4 - Fort Myers 0 |
| TOP OF THE 9TH |
|
Miami Whales batting - Pitching for Fort Myers Palms : RHP David LaBounty
|
|
Pitching: RHP Zac Paris
|
|
|
Batting: SHB Philip Rossi
|
0-0: Called Strike 0-1: Ball 1-1: Foul Ball, location: 2F 1-2: Ball 2-2: Ground out U3 (Groundball, 3L, EV 84.4 MPH)
|
|
Batting: RHB Tom Grant
|
0-0: Foul Ball, location: 2F 0-1: Ball 1-1: Foul Ball, location: 2F 1-2: Ball 2-2: Ball 3-2: Strikes out swinging
|
|
Batting: LHB Lorenzo Bundy
|
0-0: Called Strike 0-1: Foul Ball, location: 2F 0-2: Ball 1-2: Ball 2-2: Ground out 6-3 (Groundball, 6, EV 85.0 MPH)
|
| Top of the 9th over - 0 runs, 0 hits, 0 errors, 0 left on base; Miami 4 - Fort Myers 0 |
| BOTTOM OF THE 9TH |
|
Fort Myers Palms batting - Pitching for Miami Whales : LHP Xavier Pickhills
|
|
Batting: LHB James Atkinson
|
0-0: Foul Ball, location: 2F 0-1: Called Strike 0-2: Ball 1-2: Ball 2-2: Ground out 4-3 (Groundball, 4S, EV 93.1 MPH)
|
|
Batting: RHB Lindon Duncan
|
0-0: Ball 1-0: Ball 2-0: Ball 3-0: Called Strike 3-1: Foul Ball, location: 2F 3-2: Base on Balls
|
|
Batting: RHB Matt Sinatro
|
0-0: Ball 1-0: Swinging Strike 1-1: Foul Ball, location: 2F 1-2: Strikes out swinging
|
|
Batting: RHB Jay Greb
|
0-0: Ball 1-0: Ball 2-0: Called Strike 2-1: Called Strike 2-2: Foul Ball, location: 2F 2-2: Ball 3-2: Foul Ball, location: 2F 3-2: Foul Ball, location: 2F 3-2: Foul Ball, location: 2F 3-2: Ground out 6-3 (Groundball, 6, EV 89.4 MPH)
|
| Bottom of the 9th over - 0 runs, 0 hits, 0 errors, 1 left on base; Miami 4 - Fort Myers 0 |
|